 Dungeon Crawl Stone Soup version 0.31-a0-219-g8d62b2e7bb (webtiles) character file.

Game seed: 8255909545670889092

271 Midn8 the Chiller (level 6, -2/29 HPs)
             Began as a Vine Stalker Wanderer on July 3, 2023.
             Slain by a wight
             ... wielding a +4 flail
              (7 damage)
             ... on level 4 of the Dungeon.
             The game lasted 00:08:07 (3115 turns).

Midn8 the Chiller (Vine Stalker Wanderer)           Turns: 3115, Time: 00:08:08

Health: -2/29      AC:  5    Str: 12    XL:     6   Next: 23%
Magic:  0/10       EV: 10    Int: 15    God:
Gold:   113        SH:  0    Dex: 20    Spells: 6/9 levels left

rFire   x . .        l - +1 dagger
rCold   + . .        (no shield)
rNeg    . . .        C - +0 ring mail
rPois   +            (no helmet)
rElec   +            (no cloak)
rCorr   +            (no gloves)
SInv    .            (no boots)
Will    .....        m - amulet of regeneration
Stlth   ++           h - ring of poison resistance
HPRegen 1.84/turn    o - ring "Gikinu" {Ice rElec rCorr Dex+5}
MPRegen 0.12/turn

%: guardian spirit
@: no status effects
A: fangs 2, regeneration 1, magic shield, antimagic bite, no potion heal 2
a: no special abilities


You were on level 4 of the Dungeon.
You visited 1 branch of the dungeon, and saw 4 of its levels.

You collected 113 gold pieces.

Inventory:

Hand Weapons
 a - a +0 short sword
 l - a +1 dagger (weapon)
 p - a +0 rapier
 t - a +0 quarterstaff
Missiles
 e - 14 poisoned darts
Armour
 d - a +1 robe
 C - a +0 ring mail (worn)
Jewellery
 h - a ring of poison resistance (left hand)
 m - an amulet of regeneration (around neck)
 o - the ring "Gikinu" (right hand) {Ice rElec rCorr Dex+5}
   (You acquired it on level 3 of the Dungeon)

   [ring of ice]

   It enhances your ice magic.
   Dex:       It affects your dexterity (+5).
   rF:        It makes you vulnerable to fire.
   rC:        It protects you from cold.
   rElec:     It insulates you from electricity.
   rCorr:     It protects you from acid and corrosion.
 s - a ring of resist corrosion
 v - a ring of willpower
Wands
 b - a wand of flame (7)
Scrolls
 c - 3 scrolls of fear
 k - 2 scrolls of enchant armour
 u - a scroll of blinking
 w - a scroll of poison {unknown}
 x - a scroll of amnesia {unknown}
 y - a scroll of identify
Potions
 f - a potion of mutation {unknown}
 g - a potion of haste {unknown}
 i - 3 potions of cancellation {unknown}
 j - 2 potions of invisibility
 n - 2 potions of curing {unknown}
 q - a potion of berserk rage {unknown}
 r - a potion of degeneration {unknown}
 z - a potion of brilliance {unknown}
 A - a potion of enlightenment {unknown}
 B - a potion of magic {unknown}


   Skills:
 + Level 0.4 Fighting
 - Level 4.0 Short Blades
 - Level 1.0 Throwing
 - Level 3.0 Stealth
 - Level 2.0 Spellcasting
 - Level 3.0 Hexes
 - Level 5.0 Ice Magic
 - Level 1.0 Evocations


You had 6 spell levels left.
You knew the following spells:

 Your Spells              Type           Power      Damage    Failure   Level
a - Freeze                Ice            96%        1d10      6%          1
e - Ensorcelled Hibernat  Hex/Ice        40%        N/A       14%         2

Your spell library contained the following spells:

 Spells                   Type           Power      Damage    Failure   Level
 Spider Form              Tmut/Pois      1%         N/A       83%         3
 Summon Ice Beast         Ice/Summ       13%        N/A       87%         4
 Anguish                  Hex/Necr       3%         N/A       95%         4


Dungeon Overview and Level Annotations

Branches:
Dungeon (4/15)
 Temple: D:4-7

Altars:


Innate Abilities, Weirdness & Mutations

You have extremely sharp teeth.
Your natural rate of healing is unusually fast.
When hurt, damage is shared between your health and your magic reserves.
Your bite disrupts and absorbs the magic of your enemies.
Potions cannot restore your health.


Message History

The orc wizard's magic leaks into the air.
You drain its magic.
You feel invigorated.
The orc wizard is severely wounded.
You hit the orc wizard.
The orc wizard is severely wounded.
The orc wizard hits you but does no damage.
You closely miss the orc wizard.
You bite the orc wizard, but do no damage.
The orc wizard is severely wounded.
The orc wizard closely misses you.
You hit the orc wizard but do no damage.
You bite the orc wizard, but do no damage.
The orc wizard is severely wounded.
The orc wizard hits you with a +0 dagger.
You hit the orc wizard. You bite the orc wizard.
The orc wizard's magic leaks into the air.
You drain its magic.
You feel invigorated.
The orc wizard is almost dead.
The orc wizard hits you but does no damage.
You closely miss the orc wizard.
The orc wizard is almost dead.
You barely miss the orc wizard. Your bite misses the orc wizard.
The orc wizard is almost dead.
The orc wizard hits you but does no damage.
You hit the orc wizard.
You kill the orc wizard!
The wight hits you with a +4 mace of freezing.
The wight freezes you.
Training target 4.0 for Short Blades reached!
Your Short Blades skill increases to level 4!
You need to enable at least one skill for training.
The wight attacks as you move away! The wight hits you with a +4 flail!
The wight hits you with a +4 mace of freezing!
* * * LOW HITPOINT WARNING * * *
The wight freezes you.
* * * LOW HITPOINT WARNING * * *
The wight attacks as you move away! The wight barely misses you.
The wight attacks as you move away! The wight misses you.
The wight attacks as you move away! The wight hits you with a +4 flail!
You die...

############..#
#.))..........#
#.###########<#
#.# #†# #.# #..
#.# #..# #.# #..#
#.###########..#..
#......@zz........
######..z..##..#..
#........).....!
#.##.....###.#.# #
#.....# ###.###
#.# #.# #.#


You could see 3 wights.

Vanquished Creatures
  An orc priest (D:4)
  2 hounds
  A jelly (D:3)
  An orc wizard (D:4)
  4 adders
  3 worms
  A dart slug (D:2)
  5 orcs
  4 ball pythons
  10 endoplasms
  2 giant cockroaches (D:1)
  4 goblins
  3 hobgoblins
  6 jackals (D:1)
  6 kobolds
  3 quokkas
  9 bats
  4 frilled lizards
  3 rats
72 creatures vanquished.

Notes
Turn   | Place    | Note
-------+----------+-------------------------------------------
     0 | D:1      | Midn8 the Vine Stalker Wanderer began the quest for the
                  | Orb.
     0 | D:1      | Midn8 set off with the following items: a +0 short sword, a
                  | wand of flame (7), a scroll of fear, a +0 robe; and the
                  | following spell memorised: Freeze; and the following spells
                  | available to memorise: Ensorcelled Hibernation, Summon Ice
                  | Beast.
     0 | D:1      | Reached XP level 1. HP: 9/9 MP: 3/3
     1 | D:1      | Noticed an electric eel
   169 | D:1      | Reached XP level 2. HP: 13/13 MP: 6/6
   231 | D:1      | Learned a level 2 spell: Ensorcelled Hibernation
   486 | D:1      | Reached skill level 1 in Hexes
   518 | D:1      | Reached XP level 3. HP: 16/16 MP: 4/7
  1062 | D:2      | Found a faded altar of an unknown god.
  1183 | D:2      | Gained mutation: Your natural rate of healing is unusually
                  | fast. [Vine Stalker growth]
  1183 | D:2      | Reached XP level 4. HP: 21/21 MP: 5/8
  1890 | D:3      | Identified a scroll of acquirement
  1890 | D:3      | Acquired the ring "Gikinu" {Ice rElec rCorr Dex+5}
  2311 | D:3      | Reached XP level 5. HP: 24/24 MP: 9/9
  2840 | D:3      | Reached skill level 1 in Stealth
  3085 | D:4      | Reached XP level 6. HP: 28/28 MP: 2/10
  3112 | D:4      | HP: 1/29 [wight/+4 mace of freezing (2)]
  3115 | D:4      | Slain by a wight

Illustrated notes

Levels and vault maps discovered:
D:1:      arrival_aquarium_a, layout_loops_ring
D:2:      layout_basic, ebering_ecumenical_altar_mist, minmay_tiny_reverse_x
D:3:      layout_basic, corner_web_ring
D:4:      layout_loops_ring, led_xom_imps, lemuel_temple_firewalk_b,
          chequers_ossuary_entry_cave, gammafunk_ghost_smash, uniq_menkaure

Skill      XL: |  1  2  3  4  5  6 |
---------------+-------------------+-----
Spellcasting   | 2 |  2.0
Short Blades   | 2 3 4 |  4.0
Hexes          | 1 2 3 |  3.0
Stealth        | 3 |  3.0
Fighting       | |  0.4
Throwing       | |  1.0
Ice Magic      | |  5.0
Evocations     | |  1.0

Action                     |  1- 3 |  4- 6 || total
---------------------------+-------+-------++-------
  Melee: Short sword       |    76 |       ||    76
         Bite              |    15 |    24 ||    39
         Dagger            |    13 |    78 ||    91
         Punch             |     2 |       ||     2
   Cast: Freeze            |    22 |     9 ||    31
         Ensorcelled Hiber |     1 |    19 ||    20
    Use: Scroll            |     3 |     5 ||     8
   Stab: Sleeping          |     3 |    16 ||    19
 Armour: Robe              |    20 |     5 ||    25
         Ring mail         |       |     5 ||     5
  Dodge: Dodged            |    67 |    43 ||   110

Table legend: (Time is in decaauts)
 A = Elapsed time spent in this place.
 B = Non-inter-level travel time spent in this place.
 C = Inter-level travel time spent in this place.
 D = Time resting spent in this place.
 E = Time spent auto-exploring this place.
 F = Levels seen in this place.
 G = Mean time per level.
                   A        B        C        D        E       F      G
               +--------+--------+--------+--------+--------+-----+--------+
         Total |   3095 |   2957 |    138 |    732 |   1571 |   4 |  773.8 |
       Dungeon |   3095 |   2957 |    138 |    732 |   1571 |   4 |  773.8 |
               +--------+--------+--------+--------+--------+-----+--------+

Top non-repeatable levels by time:
     D:3: 1135 daAuts
     D:1: 961 daAuts
     D:2: 913 daAuts
     D:4: 85 daAuts
